 Dungeon Crawl Stone Soup version 0.29-a0-648-g6b26cc9f40 (webtiles) character file.

Game seed: 4230445305260784966

65 fernweh the Charlatan (level 4, -2/32 HPs)
             Began as a Gnoll Wanderer on June 20, 2022.
             Slain by a goblin
             ... wielding a +0 dagger
             ... led by Robin
              (3 damage)
             ... on level 2 of the Dungeon.
             The game lasted 00:06:03 (2409 turns).

fernweh the Charlatan (Gnoll Wanderer)              Turns: 2409, Time: 00:06:04

Health: -2/32      AC:  3    Str: 15    XL:     4   Next: 13%
Magic:  5/5        EV: 11    Int: 10    God:
Gold:   74         SH:  0    Dex: 11    Spells: 5/5 levels left

rFire   . . .      SeeInvis .   c - +2 short sword (venom)
rCold   . . .      Faith    .   (no shield)
rNeg    . . .      Spirit   .   f - +0 leather armour
rPois   .          Reflect  .   (no helmet)
rElec   .          Harm     .   (no cloak)
rCorr   .          Rampage  .   (no gloves)
Will    .....                   (no boots)
Stlth   ++........              (no amulet)
HPRegen 0.10/turn               (no ring)
MPRegen 0.09/turn               (no ring)

@: lethally poisoned (-2 -> -5), attractive
A: fangs 1, strong nose, distributed training
a: no special abilities


You were on level 2 of the Dungeon.
You visited 1 branch of the dungeon, and saw 2 of its levels.

You collected 74 gold pieces.

Inventory:

Hand Weapons
 a - a +2 dagger
 c - a +2 short sword of venom (weapon)
Missiles
 l - 27 stones
 p - 2 silver boomerangs
Armour
 f - a +0 leather armour (worn)
Scrolls
 b - a scroll of blinking
 j - a scroll of fear {unknown}
 k - 3 scrolls of fog
 n - a scroll of noise {unknown}
 o - a scroll of enchant armour {unknown}
Potions
 e - a potion of brilliance
 h - a potion of lignification {unknown}
 i - a potion of might {unknown}
 m - 2 potions of heal wounds {unknown}
Miscellaneous
 d - a piece from Xom's chessboard (15/15) (quivered)


   Skills:
 + Level 1.0 Fighting
 + Level 4.6 Short Blades
 + Level 1.0 Long Blades
 + Level 1.0 Axes
 + Level 1.0 Maces & Flails
 + Level 1.0 Polearms
 + Level 1.0 Staves
 + Level 1.0 Slings
 + Level 1.0 Bows
 + Level 1.0 Crossbows
 + Level 1.0 Throwing
 + Level 6.6 Armour
 + Level 1.0 Dodging
 + Level 4.2 Stealth
 + Level 1.0 Shields
 + Level 1.0 Unarmed Combat
 + Level 1.0 Spellcasting
 + Level 0.8 Conjurations
 + Level 0.8 Hexes
 + Level 0.8 Summonings
 + Level 0.8 Necromancy
 + Level 0.8 Translocations
 + Level 0.8 Transmutations
 + Level 0.8 Fire Magic
 + Level 0.8 Ice Magic
 + Level 0.8 Air Magic
 + Level 0.8 Earth Magic
 + Level 0.8 Poison Magic
 + Level 1.1 Invocations
 + Level 6.6 Evocations


You had 5 spell levels left.
You didn't know any spells.
Your spell library was empty.

Dungeon Overview and Level Annotations

Branches:
Dungeon (2/15)

Altars:

Annotations:
D:2 Jessica, Robin


Innate Abilities, Weirdness & Mutations

You have very sharp teeth.
Your uncanny sense of smell can sniff out nearby items.
Your experience applies equally to all skills.


Message History

Robin is moderately wounded.
The goblin hits you but does no damage. Robin hits you but does no damage.
You are poisoned.
You hit Robin but do no damage. Your bite misses Robin.
Robin is moderately wounded.
You feel very sick.
You hit Robin but do no damage. You bite Robin, but do no damage.
Robin is moderately wounded.
You feel sick. The goblin hits you with a +0 dagger.
* * * LOW HITPOINT WARNING * * *
It was a potion of attraction.
You feel attractive to monsters.
* * * LOW HITPOINT WARNING * * *
You feel sick. The goblin hits you but does no damage.
Robin hits you but does no damage.
You are lethally poisoned!
You hit the goblin.
You kill the goblin!
* * * LOW HITPOINT WARNING * * *
You feel sick. Robin closely misses you.
Unknown command.
You feel better.
Robin hits you with a +2 spear of venom.
* * * LOW HITPOINT WARNING * * *
You are poisoned.
* * * LOW HITPOINT WARNING * * *
You feel sick. Robin is attracted toward you.
The goblin is attracted toward you.
You see here a +0 dagger.
Unknown command.
* * * LOW HITPOINT WARNING * * *
You feel sick. Robin throws the goblin at you!
* * * LOW HITPOINT WARNING * * *
Robin is attracted toward you. The goblin is attracted toward you.
Blink to where?
Press: ? - help, Dir - move target
As you read the scroll of blinking, it crumbles to dust.
* * * LOW HITPOINT WARNING * * *
You feel sick. The goblin hits you with a +0 dagger.
You die...

......#
#..........####.##.####
.....gg##########.......)..#
# ...g....## #........### #
#gg# #.......## # ##g#
#.......# #§# #..÷....#
#.##########.#####
#g§gg§g§####.##
#######@§§....#####
#####.......####
#....#.......#
#...##.......#
#..###.....>.# ########..#
#.......#
.........>####)######
########.##.....###
#.#........#


You could see a goblin (strong).

Vanquished Creatures
  A gnoll (D:1)
  An adder (D:2)
  A dart slug (D:1)
  2 endoplasms (D:1)
  2 giant cockroaches
  10 goblins
  2 hobgoblins
  4 jackals (D:1)
  3 kobolds (D:1)
  3 ball pythons (D:1)
  4 bats
  3 frilled lizards
  2 rats
38 creatures vanquished.

Vanquished Creatures (others)
  8 demonic plants (D:1)
  5 fungi (D:1)
  6 plants (D:1)
19 creatures vanquished.

Grand Total: 57 creatures vanquished

Notes
Turn   | Place    | Note
-------+----------+-------------------------------------------
     0 | D:1      | fernweh the Gnoll Wanderer began the quest for the Orb.
     0 | D:1      | fernweh set off with the following items: a +2 dagger, a
                  | scroll of blinking, a +0 short sword, a piece from Xom's
                  | chessboard (15/15), a potion of brilliance, a +0 leather
                  | armour.
     0 | D:1      | Reached XP level 1. HP: 13/13 MP: 1/1
   176 | D:1      | Reached XP level 2. HP: 5/19 MP: 2/2
  1214 | D:1      | Reached XP level 3. HP: 4/25 MP: 3/3
  1475 | D:1      | Found a faded altar of an unknown god.
  1643 | D:1      | Reached skill level 1 in Invocations
  2023 | D:2      | Reached skill level 1 in Fighting
  2023 | D:2      | Reached skill level 1 in Long Blades
  2023 | D:2      | Reached skill level 1 in Axes
  2023 | D:2      | Reached skill level 1 in Maces & Flails
  2023 | D:2      | Reached skill level 1 in Polearms
  2023 | D:2      | Reached skill level 1 in Staves
  2023 | D:2      | Reached skill level 1 in Slings
  2023 | D:2      | Reached skill level 1 in Bows
  2023 | D:2      | Reached skill level 1 in Crossbows
  2023 | D:2      | Reached skill level 1 in Throwing
  2023 | D:2      | Reached skill level 1 in Dodging
  2023 | D:2      | Reached skill level 1 in Shields
  2023 | D:2      | Reached skill level 1 in Unarmed Combat
  2023 | D:2      | Reached skill level 1 in Spellcasting
  2374 | D:2      | Noticed Jessica
  2374 | D:2      | Noticed Robin
  2379 | D:2      | Reached XP level 4. HP: 31/32 MP: 5/5
  2409 | D:2      | HP: 1/32 [poisoned by Robin]
  2409 | D:2      | Slain by a goblin

Illustrated notes

Levels and vault maps discovered:
D:1:      ebering_hopf_link, layout_rooms, shapermc_ecumenical_altar_gd,
          chequers_serial_rivers_large_a, st_stairs_1,
          hangedman_decor_diamond_cutter
D:2:      layout_rooms, minmay_misc_feat_rugged, uniq_jessica, uniq_robin

Skill      XL: |  1  2  3 |
---------------+----------+-----
Invocations    | 1 |  1.1
Fighting       | 1 |  1.0
Long Blades    | 1 |  1.0
Axes           | 1 |  1.0
Maces & Flails | 1 |  1.0
Polearms       | 1 |  1.0
Staves         | 1 |  1.0
Slings         | 1 |  1.0
Bows           | 1 |  1.0
Crossbows      | 1 |  1.0
Throwing       | 1 |  1.0
Dodging        | 1 |  1.0
Shields        | 1 |  1.0
Unarmed Combat | 1 |  1.0
Spellcasting   | 1 |  1.0
Short Blades   | |  4.6
Armour         | |  6.6
Stealth        | |  4.2
Conjurations   | |  0.8
Hexes          | |  0.8
Summonings     | |  0.8
Necromancy     | |  0.8
Translocations | |  0.8
Transmutations | |  0.8
Fire Magic     | |  0.8
Ice Magic      | |  0.8
Air Magic      | |  0.8
Earth Magic    | |  0.8
Poison Magic   | |  0.8
Evocations     | |  6.6

Action                   |  1- 3 |  4- 6 || total
-------------------------+-------+-------++-------
Melee: Dagger            |    49 |       ||    49
       Bite              |     9 |     2 ||    11
       Punch             |     4 |       ||     4
       Short sword       |    63 |    17 ||    80
  Use: Potion            |       |     3 ||     3
       Scroll            |       |     2 ||     2
 Stab: Sleeping          |     3 |       ||     3
Armor: Leather armour    |    28 |     5 ||    33
Dodge: Dodged            |    57 |     7 ||    64

Table legend: (Time is in decaauts)
 A = Elapsed time spent in this place.
 B = Non-inter-level travel time spent in this place.
 C = Inter-level travel time spent in this place.
 D = Time resting spent in this place.
 E = Time spent auto-exploring this place.
 F = Levels seen in this place.
 G = Mean time per level.
                   A        B        C        D        E       F      G
               +--------+--------+--------+--------+--------+-----+--------+
         Total |   2395 |   2395 |      0 |   1014 |    993 |   2 | 1197.5 |
       Dungeon |   2395 |   2395 |      0 |   1014 |    993 |   2 | 1197.5 |
               +--------+--------+--------+--------+--------+-----+--------+

Top non-repeatable levels by time:
     D:1: 1919 daAuts
     D:2: 476 daAuts
